 Dungeon Crawl Stone Soup version 0.23.2-1-ga50397a (webtiles) character file.

Game seed: 10232109477115704915

46648 funkygono the Geomancer (level 14, -17/76 HPs)
             Began as a Gargoyle Earth Elementalist on May 8, 2019.
             Was a High Priest of Vehumet.
             Demolished by a death yak (21 damage)
             ... on level 6 of the Lair of Beasts.
             The game lasted 01:20:14 (20657 turns).

funkygono the Geomancer (GrEE)                     Turns: 20657, Time: 01:20:15

Health: -17/76     AC: 24    Str: 19    XL:     14   Next: 38%
Magic:  3/30       EV: 14    Int: 31    God:    Vehumet [*****.]
Gold:   1573       SH:  0    Dex: 10    Spells: 7/37 levels left

rFire    + . .     SeeInvis .   D - +3 flail of the Tired Dreams {pain, rC- Int+10}
rCold    + + +     Gourm    .   (no shield)
rNeg     + . .     Faith    .   h - +1 leather armour
rPois    ∞         Spirit   .   R - +1 helmet
rElec    +         Reflect  .   L - +2 cloak {MR+}
rCorr    +         Harm     +   B - +0 pair of gloves
MR       +++..                  K - +1 pair of boots
Stlth    ++........             T - amulet "Camyhus" {Harm *Drain rC++ Stlth-}
HPRegen  0.22/turn              y - ring of Serendipity {rC+ MR+ Int+2 Stlth+}
MPRegen  0.22/turn              (no ring)

@: mighty, resistant, studying Slings
A: big wings, negative energy resistance 1, electricity resistance, unbreathing,
petrification resistance, rot immunity, AC +10
a: Fly, Renounce Religion


You were on level 6 of the Lair of Beasts.
You worshipped Vehumet.
Vehumet was extremely pleased with you.
You were not hungry.

You visited 3 branches of the dungeon, and saw 18 of its levels.
You also visited: Bailey.

You collected 1573 gold pieces.

Inventory:

Hand Weapons
 e - a +1 flail
 D - the +3 flail of the Tired Dreams (weapon) {pain, rC- Int+10}
   (You found it on level 6 of the Dungeon)

   In the hands of one skilled in necromantic magic, it inflicts extra damage on
   living creatures.
   It affects your intelligence (+10).
   It makes you vulnerable to cold.
 H - a +4 quarterstaff of chaos
Missiles
 b - 335 stones (quivered)
Armour
 h - a +1 leather armour (worn)
 B - a +0 pair of gloves (worn)
 K - a +1 pair of boots (worn)
 L - a +2 cloak of magic resistance (worn)
 M - a +2 robe of magic resistance
 R - a +1 helmet (worn)
Magical Staves
 C - an uncursed staff of conjuration
Jewellery
 c - an uncursed amulet of magic regeneration {unknown}
 y - the ring of Serendipity (left hand) {rC+ MR+ Int+2 Stlth+}
   (You acquired it on level 6 of the Dungeon)

   [ring of protection from magic]

   It affects your intelligence (+2).
   It protects you from cold.
   It affects your resistance to hostile enchantments.
   It makes you more stealthy.
 F - the amulet of the Ten Seas {Inacc *Corrode Str+4 SInv, unknown}
   (You found it on level 5 of the Lair of Beasts)

   [amulet of inaccuracy]

   It reduces the accuracy of all your attacks.
   It affects your strength (+4).
   It lets you see invisible.
   It may corrode you when you take damage.
 T - the amulet "Camyhus" (around neck) {Harm *Drain rC++ Stlth-}
   (You acquired it on level 10 of the Dungeon)

   [amulet of harm]

   It increases damage dealt and taken.
   It greatly protects you from cold.
   It causes draining when unequipped.
   It makes you less stealthy.
 V - an uncursed amulet of the acrobat {unknown}
 X - an uncursed amulet of harm {unknown}
Wands
 s - a wand of acid (10)
 w - a wand of digging (10)
 A - a wand of paralysis (13)
 E - a wand of flame (77)
 G - a wand of disintegration (10)
 I - a wand of iceblast (17)
 N - a wand of polymorph (6)
 S - a wand of random effects (12)
Scrolls
 f - 4 scrolls of enchant weapon
 g - a scroll of blinking
 j - 12 scrolls of teleportation
 k - 4 scrolls of fear
 m - 6 scrolls of immolation
 q - 4 scrolls of fog
 u - 9 scrolls of remove curse
 x - 4 scrolls of amnesia
 P - a scroll of summoning
Potions
 a - 2 potions of invisibility
 i - a potion of brilliance
 l - a potion of ambrosia
 n - a potion of resistance
 o - 3 potions of lignification
 p - 4 potions of agility
 r - 2 potions of mutation
 z - 5 potions of flight
 J - 3 potions of haste
 O - a potion of heal wounds
 Q - 2 potions of magic {unknown}
Books
 t - a manual of Slings
Miscellaneous
 U - a phial of floods (inert)
Comestibles
 d - 31 rations
 W - 11 chunks of flesh


   Skills:
 + Level 4.6 Fighting
 + Level 7.5 Maces & Flails
 + Level 5.2 Armour
 - Level 6.1 Dodging
 + Level 4.2 Stealth
 + Level 12.4 Spellcasting
 + Level 11.4 Conjurations
   Level 0.7 Transmutations
 * Level 4.2 Fire Magic
 + Level 1.8 Ice Magic
 + Level 13.8 Earth Magic
 + Level 2.2 Poison Magic
 + Level 0.1 Evocations


You had 7 spell levels left.
You knew the following spells:

 Your Spells              Type           Power        Failure   Level  Hunger
a - Sandblast             Erth           ######       0%          1    None
b - Stone Arrow           Conj/Erth      ######       1%          3    None
c - Lee's Rapid Deconstr  Erth           #######...   1%          5    #......
d - Flame Tongue          Conj/Fire      #####        1%          1    None
e - Shock                 Conj/Air       ####         1%          1    None
f - Conjure Flame         Conj/Fire      ######..     1%          3    None
g - Venom Bolt            Conj/Pois      ######....   1%          5    #......
h - Throw Icicle          Conj/Ice       ######..     1%          4    None
i - Orb of Destruction    Conj           ######....   6%          7    ######.

Your spell library contained the following spells:

 Spells                   Type           Power        Failure   Level  Hunger
 Sting                    Conj/Pois      ####         1%          1    None
 Passwall                 Tmut/Erth      ######..     1%          2    None
 Mephitic Cloud           Conj/Pois/Air  #####...     1%          3    None
 Petrify                  Tmut/Erth      ######..     1%          4    None
 Poisonous Vapours        Pois/Air       ####..       2%          2    None
 Confusing Touch          Hex            ###...       3%          1    None
 Olgreb's Toxic Radiance  Pois           ####....     3%          4    None
 Confuse                  Hex            ###.....     9%          3    None
 Gell's Gravitas          Tloc           ###.......   9%          3    None
 Yara's Violent Unravell  Hex/Tmut       ###.......   17%         5    #......
 Freezing Cloud           Conj/Ice/Air   #####.....   19%         6    ####...
 Metabolic Englaciation   Hex/Ice        ####......   50%         5    #......
 Ring of Flames           Chrm/Fire      ####......   100%        7    ######.


Dungeon Overview and Level Annotations

Branches:
Dungeon (11/15)            Temple (1/1) D:7            Lair (6/6) D:10
 Shoals (0/4) Lair:3       Spider (0/4) Lair:3          Orc (0/2) D:9
  Slime: Lair:5-6

Altars:
Ashenzari
Cheibriados
Dithmenos
Elyvilon
Fedhas
Gozag
Hepliaklqana
Kikubaaqudgha
Makhleb
Nemelex Xobeh
Okawaru
Qazlal
Ru
Sif Muna
Trog
Uskayaw
Vehumet
Wu Jian
Xom
Yredelemnul
Zin
The Shining One

Shops:
D:7 [(

Annotations:
D:5 2 transporters, Flogoulo's ghost, novice OgHu
Lair:6 Urug


Innate Abilities, Weirdness & Mutations

You are resistant to torment.
Your stone body is resilient. (AC +10)
You are immune to poison.
Your large and strong wings let you fly indefinitely.
You resist negative energy. (rN+)
You are resistant to electric shocks. (rElec)
You can survive without breathing.
You are immune to petrification.
You are immune to rotting.


Message History

Press: ? - help, Shift-Dir - straight line, f/p - death yak
Aim: a death yak (moderately wounded)
The blast of sand hits the death yak but does no damage.
The death yak is moderately wounded.
b - 336 stones The death yak gores you.
* * * LOW HITPOINT WARNING * * *
Casting: Sandblast (safe; 0% risk of failure)
Confirm with . or Enter, or press ? or * to list all spells.
Aiming: Sandblast (safe; 0% risk of failure)
Press: ? - help, Shift-Dir - straight line, f/p - death yak
Aim: a death yak (moderately wounded)
The blast of sand hits the death yak but does no damage.
The death yak is moderately wounded.
b - 335 stones The death yak closely misses you.
You barely miss the death yak.
The death yak is moderately wounded.
The death yak gores you!!
You die...

♣♣
♣♣.♣♣♣♣##.Y.#####.....
♣..♣♣.##.### #.##.# ♣
♣♣÷♣♣....# ###### ..♣
♣..♣♣....## #
....♣♣♣♣♣.♣♣♣♣♣...# #
♣.......♣♣ ♣#..## # .
♣♣♣♣♣..♣♣ ♣Y..# ..
♣♣.÷♣♣♣♣♣ ♣..## ..
♣......@♣♣♣..# .
♣.......♣♣YY...#
....♣♣..♣♣♣♣♣...##
♣♣♣♣ ♣♣♣♣ ♣♣♣♣♣


You could see 2 death yaks.

Vanquished Creatures
  Kirke (Lair:5)
  Snorg (Lair:6)
  4 hydras
  6 death yaks (Lair:6)
  2 two-headed ogres
  A fire crab (Lair:6)
  An orc knight (Bailey)
  A cyclops (D:10)
  A manticore (D:11)
  A centaur zombie (D:11)
  Maurice (D:8)
  3 black mambas
  A gargoyle (D:10)
  8 spiny frogs
  4 komodo dragons
  3 rime drakes
  A troll (D:10)
  4 hornets (Lair:6)
  3 polar bears (Lair:6)
  Grinder (D:4)
  A snapping turtle (shapeshifter) (D:10)
  6 slime creatures (D:10)
  13 blink frogs
  Prince Ribbit (D:7)
  A snapping turtle (Lair:3)
  11 dream sheep
  12 hippogriffs
  9 spriggans (Lair:6)
  8 hogs
  5 basilisks
  6 wyverns
  18 yaks
  A human (D:10)
  3 vampire mosquitoes (Lair:1)
  A hungry ghost (D:10)
  Menkaure (D:4)
  3 insubstantial wisps (Lair:1)
  9 water moccasins
  5 porcupines
  3 sky beasts
  A phantom (D:5)
  7 black bears
  4 ice beasts
  19 orc warriors
  9 ogres
  3 boggarts (Lair:6)
  3 centaurs
  19 wolves
  7 crocodiles
  Blork the orc (D:6)
  11 bullfrogs
  2 wyvern zombies
  3 scorpions
  3 killer bees (D:9)
  13 electric eels
  8 crimson imps
  2 bullfrog zombies
  A quasit (D:6)
  9 hounds
  A jelly (D:10)
  Crazy Yiuf (D:7)
  A bullfrog skeleton (D:7)
  8 orc priests
  6 iguanas
  14 orc wizards
  Ijyb (D:4)
  10 worker ants
  2 hound skeletons
  10 adders
  6 gnolls
  3 shadow imps
  4 adder skeletons
  An adder zombie (D:7)
  2 worms
  5 leopard geckos
  45 orcs
  4 giant cockroaches
  8 goblins
  3 hobgoblins
  14 jackals
  3 quokkas
  2 ball pythons
  A ball python skeleton (D:6)
  7 bats
  5 frilled lizards
  4 kobolds
  A leopard gecko skeleton (D:5)
  2 quokka zombies (D:8)
  9 rats
473 creatures vanquished.

Vanquished Creatures (others)
  A dream sheep (Lair:5)
  2 humans (Lair:5)
  15 fungi
  4 plants (Lair:6)
22 creatures vanquished.

Grand Total: 495 creatures vanquished

Notes
Turn   | Place    | Note
-------+----------+-------------------------------------------
     0 | D:1      | funkygono the Gargoyle Earth Elementalist began the quest
                  | for the Orb.
     0 | D:1      | Reached XP level 1. HP: 10/10 MP: 3/3
   219 | D:1      | Reached skill level 4 in Earth Magic
   240 | D:1      | Reached XP level 2. HP: 15/15 MP: 1/5
   813 | D:2      | Reached XP level 3. HP: 19/19 MP: 0/6
  1127 | D:2      | Reached XP level 4. HP: 24/24 MP: 4/7
  1133 | D:2      | Learned a level 3 spell: Stone Arrow
  1507 | D:3      | Reached skill level 5 in Earth Magic
  2065 | D:3      | Found a basalt altar of Yredelemnul.
  2069 | D:3      | Found a radiant altar of Vehumet.
  2077 | D:3      | Became a worshipper of Vehumet
  2082 | D:3      | Found a glowing golden altar of the Shining One.
  2271 | D:4      | Noticed an ogre
  2275 | D:4      | Killed an ogre
  2275 | D:4      | Reached skill level 1 in Armour
  2275 | D:4      | Reached XP level 5. HP: 28/28 MP: 1/10
  2276 | D:4      | Noticed an ogre
  2370 | D:4      | Killed an ogre
  2370 | D:4      | Reached skill level 1 in Conjurations
  2370 | D:4      | Reached XP level 6. HP: 32/32 MP: 5/11
  2512 | D:4      | Reached skill level 6 in Earth Magic
  2520 | D:4      | Learned a level 5 spell: Lee's Rapid Deconstruction
  2563 | D:4      | Reached skill level 1 in Maces & Flails
  2563 | D:4      | Reached XP level 7. HP: 9/37 MP: 4/13
  3049 | D:4      | Noticed Menkaure
  3058 | D:4      | HP: 1/37 [Menkaure (13)]
  3065 | D:4      | Killed Menkaure
  3234 | D:4      | Noticed Ijyb
  3244 | D:4      | Killed Ijyb
  3442 | D:4      | Noticed Grinder
  3468 | D:4      | Paralysed by Grinder for 4 turns
  3475 | D:4      | Killed Grinder
  3475 | D:4      | Reached skill level 1 in Fighting
  3475 | D:4      | Reached skill level 5 in Spellcasting
  3475 | D:4      | Reached skill level 7 in Earth Magic
  3475 | D:4      | Reached XP level 8. HP: 38/43 MP: 4/15
  3935 | D:5      | Entered Level 5 of the Dungeon
  3936 | D:5      | Found a transporter.
  3955 | D:5      | Reached * piety under Vehumet
  3955 | D:5      | Offered knowledge of Flame Tongue by Vehumet.
  3958 | D:5      | Learned a level 1 spell: Flame Tongue
  4097 | D:5      | Noticed Flogoulo's ghost (novice OgHu)
  4100 | D:5      | Found a transporter.
  4651 | D:5      | Reached skill level 8 in Earth Magic
  4917 | D:6      | Reached XP level 9. HP: 44/48 MP: 4/17
  5157 | D:6      | Reached ** piety under Vehumet
  5163 | D:6      | Offered knowledge of Shock by Vehumet.
  5166 | D:6      | Learned a level 1 spell: Shock
  5418 | D:6      | Got a shimmering flail
  5419 | D:6      | Identified the +3 flail of the Tired Dreams {pain, rC-
                  | Int+10} (You found it on level 6 of the Dungeon)
  5617 | D:6      | Noticed Blork the orc
  5622 | D:6      | Killed Blork the orc
  5744 | D:6      | Identified a scroll of acquirement
  5745 | D:6      | Got a flickering pewter ring
  5746 | D:6      | Identified the ring of Serendipity {rC+ MR+ Int+2 Stlth+}
                  | (You acquired it on level 6 of the Dungeon)
  5799 | D:7      | Found a staircase to the Ecumenical Temple.
  5806 | Temple   | Entered the Ecumenical Temple
  5968 | D:7      | Noticed Prince Ribbit
  5971 | D:7      | Reached skill level 9 in Earth Magic
  5977 | D:7      | Killed Prince Ribbit
  5977 | D:7      | Reached skill level 1 in Fire Magic
  6155 | D:7      | Reached skill level 5 in Conjurations
  6271 | D:7      | Offered knowledge of Conjure Flame by Vehumet.
  6277 | D:7      | Reached XP level 10. HP: 53/53 MP: 5/20
  6278 | D:7      | Reached skill level 5 in Maces & Flails
  6434 | D:7      | Found Doatuyfi's Weapon Boutique.
  6459 | D:7      | Reached *** piety under Vehumet
  6464 | D:7      | Learned a level 3 spell: Conjure Flame
  6513 | D:7      | Found a runed translucent door.
  6514 | D:7      | Noticed Crazy Yiuf
  6519 | D:7      | Killed Crazy Yiuf
  6811 | D:7      | Found Naqub's Antique Armour Shop.
  7606 | D:8      | Offered knowledge of Force Lance by Vehumet.
  7613 | D:8      | Learned a level 5 spell: Venom Bolt
  7713 | D:8      | Noticed Maurice
  7763 | D:8      | Killed Maurice
  8136 | D:8      | Found a shimmering altar of Xom.
  8186 | D:8      | Found a snail-covered altar of Cheibriados.
  8188 | D:8      | Found an iron altar of Okawaru.
  8189 | D:8      | Found a shattered altar of Ashenzari.
  8190 | D:8      | Found a burning altar of Makhleb.
  8190 | D:8      | Found a stormy altar of Qazlal.
  8190 | D:8      | Found an ornate altar of the Wu Jian Council.
  8191 | D:8      | Found a deep blue altar of Sif Muna.
  8510 | D:9      | Reached skill level 10 in Earth Magic
  8815 | D:9      | Found a staircase to the Orcish Mines.
  8847 | D:9      | Found a hide-covered altar of Uskayaw.
  9188 | D:9      | Reached **** piety under Vehumet
  9239 | D:10     | Entered Level 10 of the Dungeon
  9264 | D:10     | Noticed a gargoyle
  9549 | D:10     | Killed a gargoyle
  9603 | D:10     | Reached XP level 11. HP: 55/59 MP: 17/23
 10228 | D:11     | Reached skill level 1 in Poison Magic
 10232 | D:11     | Offered knowledge of Inner Flame by Vehumet.
 10232 | D:11     | Reached skill level 11 in Earth Magic
 10311 | D:11     | Noticed a two-headed ogre
 10314 | D:11     | Killed a two-headed ogre
 10315 | D:11     | Noticed a manticore
 10323 | D:11     | Killed a manticore
 10514 | D:11     | Found a flagged portal.
 10526 | Bailey   | Entered a bailey
 10899 | Bailey   | Found a roughly hewn altar of Beogh.
 10899 | Bailey   | Noticed an orc knight
 10902 | Bailey   | Killed an orc knight
 10921 | Bailey   | Got an encrusted bardiche
 12140 | D:10     | Found a staircase to the Lair.
 12141 | D:10     | Noticed a two-headed ogre
 12165 | D:10     | Killed a two-headed ogre
 12165 | D:10     | Reached ***** piety under Vehumet
 12165 | D:10     | Offered knowledge of Ozocubu's Refrigeration by Vehumet.
 12666 | D:10     | Reached XP level 12. HP: 54/64 MP: 10/25
 12847 | D:10     | Reached skill level 12 in Earth Magic
 13049 | D:10     | Reached skill level 10 in Spellcasting
 13426 | D:10     | Got a clouded tin amulet
 13427 | D:10     | Identified the amulet "Camyhus" {Harm *Drain rC++ Stlth-}
                  | (You acquired it on level 10 of the Dungeon)
 13552 | Lair:1   | Entered Level 1 of the Lair of Beasts
 13622 | Lair:1   | Noticed a seven-headed hydra
 13628 | Lair:1   | Killed a seven-headed hydra
 13628 | Lair:1   | Reached skill level 5 in Dodging
 15443 | Lair:2   | Got a smoking golden ring
 15444 | Lair:2   | Identified the cursed ring of Zemoit {rPois Str-3} (You
                  | found it on level 2 of the Lair of Beasts)
 15573 | Lair:2   | Reached skill level 13 in Earth Magic
 15876 | Lair:3   | Found a staircase to the Shoals.
 15987 | Lair:3   | Found a hole to the Spider Nest.
 16080 | Lair:3   | Offered knowledge of Throw Icicle by Vehumet.
 16086 | Lair:3   | Learned a level 4 spell: Throw Icicle
 16197 | Lair:3   | Reached XP level 13. HP: 70/70 MP: 16/27
 16868 | Lair:4   | Reached skill level 10 in Conjurations
 16893 | Lair:4   | HP: 3/70 [wyvern (7)]
 17821 | Lair:5   | Noticed Kirke
 17843 | Lair:5   | Noticed a sphinx
 17854 | Lair:5   | Killed Kirke
 17979 | Lair:5   | Got a bound bronze amulet
 18226 | Lair:5   | Reached skill level 5 in Armour
 18236 | Lair:5   | Reached skill level 1 in Ice Magic
 18911 | Lair:6   | Entered Level 6 of the Lair of Beasts
 19148 | Lair:6   | Noticed Snorg
 19210 | Lair:6   | Killed Snorg
 19442 | Lair:6   | Gained mutation: Your large and strong wings let you fly
                  | indefinitely. [Gargoyle growth]
 19442 | Lair:6   | Reached XP level 14. HP: 48/76 MP: 23/30
 20128 | Lair:6   | Offered knowledge of Orb of Destruction by Vehumet.
 20137 | Lair:6   | Learned a level 7 spell: Orb of Destruction
 20606 | Lair:6   | Noticed Urug
 20657 | Lair:6   | Demolished by a death yak

Skill      XL: |  1  2  3  4  5  6  7  8  9 10 11 12 13 14 |
---------------+-------------------------------------------+-----
Earth Magic    | 4 5 6 7 8 9 10 11 13 | 13.8
Spellcasting   | 3 4 5 6 8 9 10 12 | 12.4
Armour         | 1 2 3 4 5 |  5.2
Dodging        | 2 3 4 5 6 |  6.1
Conjurations   | 1 2 3 5 6 8 9 11 | 11.4
Maces & Flails | 1 2 3 4 5 6 7 |  7.5
Fighting       | 1 2 3 4 |  4.6
Stealth        | 3 4 |  4.2
Fire Magic     | 1 2 4 |  4.2
Poison Magic   | 1 2 |  2.2
Ice Magic      | 1 |  1.8
Transmutations | |  0.7
Evocations     | |  0.1

Action                   |  1- 3 |  4- 6 |  7- 9 | 10-12 | 13-15 || total
-------------------------+-------+-------+-------+-------+-------++-------
Melee: Unarmed           |     1 |       |       |       |       ||     1
       Club              |    11 |       |       |       |       ||    11
       Flail             |     4 |    31 |   165 |   141 |   150 ||   491
Throw: Stone             |       |       |     1 |       |       ||     1
 Cast: Sandblast         |    33 |    23 |    44 |    14 |    44 ||   158
       Stone Arrow       |       |    21 |    82 |   334 |    99 ||   536
       Flame Tongue      |       |       |    16 |    17 |   169 ||   202
       Lee's Rapid Decon |       |       |     7 |    17 |    13 ||    37
       Shock             |       |       |       |     6 |       ||     6
       Venom Bolt        |       |       |       |    12 |     6 ||    18
       Conjure Flame     |       |       |       |     1 |       ||     1
       Throw Icicle      |       |       |       |       |    21 ||    21
Evoke: Wand              |       |       |       |     1 |       ||     1
       Phial of floods   |       |       |       |       |     1 ||     1
  Use: Scroll            |     6 |     2 |     4 |    16 |       ||    28
       Potion            |       |       |     2 |       |     7 ||     9
  Eat: Chunk             |     1 |     7 |    13 |    26 |    14 ||    61
       Ration            |       |       |     1 |     3 |       ||     4
Armor: Leather armour    |     9 |    26 |    88 |   148 |   225 ||   496
Dodge: Dodged            |    25 |    25 |   127 |   189 |   262 ||   628
